Map: Dusk Towers

Players

IIIIIIIIIIII (XY)

  • Race: Terran Terran
  • League: Grandmaster

State - Winner!

  • Race: Protoss Protoss
  • League: Grandmaster

VOD

Have the link to the VOD?

Description

Time

  • Played on: Dec. 29, 2015, 12:48 a.m.
  • Length: 22:56
Show
View Real Time Build Order
Export as new Build Order

IIIIIIIIIIII Terran 

Build Orders: MMM Bio 

Get SALT Encoding   

  12  0:04  SCV  
  13  0:16  SCV  
  13  0:20  Supply Depot  
  14  0:28  SCV  
  15  0:42  SCV  
  16  0:43  Barracks  
  16  0:47  Refinery  
  16  0:54  SCV  
  17  1:06  SCV  
  18  1:18  SCV  
  19  1:30  Orbital Command  
  19  1:31  Barracks Reactor  
  19  1:42  Command Center  
  19  1:50  Supply Depot  
  19  1:56  SCV  
  20  2:08  SCV, Factory  
  21  2:12  Marine x2  
  23  2:20  SCV  
  23  2:21  Refinery  
  24  2:30  Marine x2  
  24  2:32  SCV  
  27  2:44  SCV  
  27  2:48  Marine x2  
  30  2:52  Factory Tech Lab  
  30  2:55  Starport  
  30  2:56  SCV  
  31  2:59  Orbital Command  
  31  3:05  Marine x2  
  31  3:09  SCV  
  34  3:17  Cyclone  
  37  3:21  SCV  
  37  3:23  Marine x2  
  37  3:26  SCV  
  41  3:33  SCV  
  42  3:38  SCV  
  42  3:40  Supply Depot  
  43  3:45  SCV  
  44  3:50  SCV  
  45  3:57  SCV  
  45  4:02  Command Center, SCV  
  47  4:03  Banshee  
  47  4:07  Marine x2  
  47  4:09  SCV  
  53  4:11  Factory Tech Lab  
  53  4:14  SCV  
  53  4:16  Barracks  
  54  4:24  Barracks  
  54  4:46  Refinery  
  54  4:48  Refinery, Engineering Bay  
  54  4:49  Engineering Bay  
  54  4:57  Starport Reactor  
  54  4:59  Supply Depot  
  54  5:11  Barracks Tech Lab  
  54  5:13  SCV x2, Siege Tank, Marine x2  
  61  5:16  Terran Infantry Weapons Level 1, Terran Infantry Armor Level 1  
  60  5:23  Stimpack, Marine  
  60  5:25  SCV x2  
  63  5:31  Combat Shields, Marine x2  
  63  5:34  Orbital Command  
  65  5:38  SCV x2  
  65  5:39  Marine  
  65  5:41  Liberator, Marine  
  69  5:47  Supply Depot  
  69  5:50  SCV x2  
  69  5:51  Barracks  
  69  5:53  Liberator  
  71  6:01  Supply Depot  
  71  6:02  SCV x2  
  79  6:14  SCV x2, Factory Reactor  
  81  6:22  Orbital Command  
  81  6:23  Marauder, Marine x2  
  81  6:24  Marauder  
  81  6:25  Supply Depot  
  88  6:26  SCV x2  
  86  6:37  Armory  
  86  6:38  SCV x2  
  86  6:39  Marine  
  89  6:41  Barracks, Marine x2  
  89  6:45  Supply Depot, Marauder  
  89  6:46  Marauder  
  95  6:47  Supply Depot, Missile Turret  
  95  6:48  SCV  
  95  6:52  SCV  
  95  6:54  Medivac x2  
  101  6:57  Supply Depot  
  101  7:01  Refinery  
  101  7:07  Supply Depot, SCV x2  
  103  7:09  SCV  
  103  7:10  Marauder, Marine  
  103  7:11  Marine  
  103  7:12  Refinery, Marine  
  103  7:13  Marine  
  110  7:17  Factory Reactor  
  110  7:19  SCV  
  110  7:22  SCV  
  112  7:24  SCV  
  112  7:27  Marine  
  112  7:29  Marine x2  
  107  7:31  Marine  
  107  7:35  SCV, Missile Turret  
  110  7:37  Missile Turret  
  110  7:38  Marauder  
  110  7:40  Medivac x2  
  110  7:41  Supply Depot  
  110  7:43  SCV x2  
  118  7:45  Marine x2  
  118  7:47  SCV  
  118  7:48  Marauder  
  118  7:49  Marauder  
  125  7:52  Missile Turret  
  125  7:57  Widow Mine x2  
  129  8:01  SCV  
  129  8:02  SCV x2, Starport  
  129  8:05  Marauder  
  134  8:10  Medivac x2  
  134  8:11  Marauder  
  140  8:15  Supply Depot  
  140  8:17  Marauder  
  144  8:27  Marauder  
  144  8:32  Marauder  
  146  8:39  Marine x3, Marauder  
  146  8:40  Factory Reactor  
  151  8:42  Supply Depot x2, Terran Infantry Weapons Level 2, Terran Infantry Armor Level 2  
  151  8:47  Liberator  
  153  8:51  Concussive Shells  
  153  8:53  Command Center  
  153  8:54  Marauder  
  155  8:56  Marine  
  155  8:57  Marine  
  155  9:01  Marauder  
  157  9:05  Supply Depot  
  160  9:12  Marine  
  160  9:13  Liberator, Marauder  
  157  9:20  Marauder  
  157  9:23  Marauder  
  156  9:27  Missile Turret, Marine x3  
  156  9:28  Widow Mine x2  
  156  9:30  Marine  
  164  9:34  Marauder  
  163  9:41  Marauder  
  163  9:44  Marauder  
  163  9:45  Marine x3  
  163  9:47  Ghost Academy  
  163  9:48  Marine, Medivac x3  
  171  9:56  Marauder  
  171  9:58  Widow Mine x2  
  177  10:00  Liberator, Fusion Core  
  177  10:02  Marauder  
  177  10:03  Marine x2  
  177  10:06  Marauder  
  183  10:11  Marine x2  
  185  10:20  Marine  
  194  10:24  Marauder  
  196  10:30  Supply Depot  
  196  10:34  Missile Turret, Marine x2  
  196  10:35  Liberator  
  196  10:37  Planetary Fortress  
  196  10:40  Liberator  
  196  10:45  Marauder  
  192  10:55  Barracks Tech Lab, Ghost  
  192  10:56  Advanced Ballistics  
  197  11:02  Refinery  
  197  11:03  Sensor Tower  
  200  11:04  Refinery  
  199  11:25  Marine  
  200  11:33  Missile Turret  
  200  11:35  Terran Infantry Weapons Level 3, Terran Infantry Armor Level 3  
  200  11:36  Terran Ship Weapons Level 1  
  200  11:37  Command Center  
  200  11:39  Ghost x3  
  187  11:44  Barracks, Liberator x2  
  187  11:53  Liberator  
  175  11:59  Marine x3  
  168  12:07  Ghost, Marine  
  168  12:08  Marine x2  
  174  12:23  Marine x2  
  174  12:25  Ghost  
  174  12:26  Personal Cloaking  
  174  12:29  Marine  
  179  12:31  Marine x2  
  179  12:33  Liberator x2  
  179  12:36  Marine  
  182  12:37  Barracks Tech Lab  
  182  12:41  Marine x2  
  184  12:47  Marine  
  184  12:49  Marauder, Marine  
  194  12:53  Orbital Command  
  194  12:54  Ghost, Marauder  
  198  12:59  Marine  
  198  13:00  Ghost  
  200  13:29  Orbital Command  
  193  13:48  Ghost x2  
  193  13:49  Ghost  
  193  13:50  Marine  
  200  14:15  Terran Ship Weapons Level 2  
  195  14:41  Liberator x2  
  193  14:50  Ghost x3  
  197  14:56  Ghost  
  197  15:18  Ghost  
  199  15:34  Liberator x3  
  163  15:45  Marauder x3, Marine  
  163  15:47  Marine x2  
  163  15:48  Marauder  
  163  15:49  Marine  
  152  16:03  Marine  
  145  16:04  Marine x2  
  145  16:06  Marauder x2, Marine  
  145  16:07  Marine  
  145  16:09  Marine  
  142  16:17  Liberator x2  
  130  16:20  Marine  
  130  16:22  Marine x2  
  130  16:24  Marine x2  
  128  16:26  Ghost  
  128  16:27  Ghost x2  
  124  16:38  Marine  
  130  16:40  Marine x2  
  130  16:42  Marine x2  
  130  16:44  Barracks x2  
  130  16:46  Barracks  
  131  16:54  Terran Ship Weapons Level 3  
  131  16:56  Marine x2, Marauder x2  
  131  16:58  Marine x2  
  131  16:59  Medivac x2  
  131  17:00  Marauder, Marine, Liberator  
  146  17:03  Refinery x2  
  146  17:06  Command Center  
  146  17:08  Missile Turret x2  
  146  17:10  Sensor Tower  
  146  17:14  Marauder, Marine  
  149  17:16  Marine x2  
  149  17:17  Marauder, Medivac  
  149  17:18  Marine, Marauder  
  149  17:21  Ghost  
  160  17:31  SCV  
  160  17:32  SCV x3  
  160  17:35  Marauder  
  166  17:37  Viking x2  
  166  17:38  Marauder  
  166  17:39  Marauder  
  168  17:47  Medivac, Marine x2  
  168  17:49  Ghost, Marine  
  141  17:53  Marine x3  
  141  17:56  Ghost  
  132  17:59  Ghost  
  132  18:00  Viking  
  132  18:01  Marauder  
  132  18:05  Marine x2  
  136  18:07  Viking x2  
  136  18:08  Marine  
  139  18:17  Viking  
  139  18:18  Marauder  
  141  18:22  Marauder  
  141  18:25  Marine  
  141  18:26  Marauder, Marine x5  
  139  18:28  Marine  
  139  18:30  Viking  
  129  18:37  Viking  
  129  18:39  Viking, Marine  
  132  18:43  Marine x3  
  132  18:44  Marine x4  
  132  18:46  Marine  
  132  18:47  Viking, Marine  
  126  18:57  Marine  
  126  19:00  Viking  
  126  19:01  Marine x5  
  126  19:02  Marine  
  130  19:07  Viking  
  130  19:08  Marine  
  130  19:09  Viking  
  135  19:12  Marine  
  135  19:13  Marine  
  137  19:17  Viking  
  133  19:30  Marine  
  133  19:31  Marine x2  
  120  19:32  Marine  
  120  19:34  Marine  
  118  19:42  Marine  
  119  19:49  Marine x3  
  122  19:53  Orbital Command  
  122  20:03  Marine  
  122  20:04  Marauder  
  119  20:20  Orbital Command  
  119  20:21  Marauder x2  
  96  20:36  Widow Mine x2  
  96  20:38  Marauder  
  96  20:40  Marine  
  96  20:59  Marauder x2  
  96  21:02  Marine  
  101  21:16  Marine x2  
  101  21:17  Marauder, Marine x2  
  100  21:29  Marine x5  
  95  21:34  Marine x4  
  95  21:37  Marine  
  92  21:49  Marauder  
  92  21:50  Marine x2  
  92  21:51  Marine x2  
  98  21:57  Medivac  
  98  21:59  Marine x2, Marauder  
  103  22:17  Orbital Command  
  90  22:32  Marauder x3, Marine x2  
  90  22:33  Marine x3  
  76  22:38  Marine  
Show
View Real Time Build Order
Export as new Build Order

State Protoss - Winner!

Build Orders: 1 Gate Expand, Blink Stalkers 

Get SALT Encoding   

  12  0:00  Probe (Chrono Boost)  
  13  0:11  Probe (Chrono Boost)  
  14  0:17  Pylon  
  14  0:22  Probe (Chrono Boost)  
  15  0:35  Probe (Chrono Boost)  
  16  0:36  Gateway  
  16  0:42  Assimilator  
  16  0:45  Probe (Chrono Boost)  
  17  0:56  Probe (Chrono Boost)  
  18  1:07  Probe (Chrono Boost)  
  19  1:18  Nexus  
  19  1:21  Probe (Chrono Boost)  
  20  1:31  Cybernetics Core  
  20  1:34  Probe (Chrono Boost)  
  20  1:38  Assimilator  
  21  1:44  Probe (Chrono Boost)  
  22  1:49  Pylon  
  22  1:55  Probe (Chrono Boost)  
  23  2:08  Adept, Warp Gate  
  26  2:12  Mothership Core (Chrono Boost)  
  27  2:30  Probe x2 (Chrono Boost)  
  31  2:40  Probe (Chrono Boost), Robotics Facility  
  31  2:41  Probe (Chrono Boost)  
  33  2:46  Stalker  
  34  2:51  Probe x2 (Chrono Boost)  
  35  2:59  Twilight Council  
  35  3:01  Probe (Chrono Boost)  
  35  3:02  Probe (Chrono Boost)  
  37  3:12  Probe (Chrono Boost)  
  39  3:13  Probe (Chrono Boost)  
  41  3:23  Probe x2 (Chrono Boost)  
  41  3:25  Warp Prism (Chrono Boost)  
  43  3:33  Probe  
  46  3:39  Blink (Chrono Boost)  
  46  3:40  Pylon  
  46  3:48  Gateway  
  44  3:53  Probe x2  
  46  3:57  Gateway  
  46  3:58  Gateway  
  46  3:59  Pylon  
  46  4:02  Observer, Assimilator  
  46  4:04  Assimilator  
  46  4:05  Probe x2  
  46  4:09  Pylon  
  49  4:14  Stalker  
  51  4:23  Probe x2  
  53  4:32  Observer  
  53  4:35  Probe  
  53  4:36  Probe  
  56  4:45  Stalker x2  
  56  4:48  Probe x2  
  62  4:54  Stalker  
  64  5:04  Forge  
  64  5:05  Nexus, Forge  
  64  5:06  Probe x2  
  66  5:20  Probe x2  
  68  5:21  Observer  
  69  5:30  Pylon  
  69  5:31  Gateway  
  69  5:33  Gateway  
  69  5:35  Pylon  
  69  5:38  Pylon  
  69  5:39  Protoss Ground Weapons Level 1 (Chrono Boost), Protoss Ground Armor Level 1 (Chrono Boost)  
  69  5:43  Charge  
  69  5:50  Observer  
  69  5:51  Stalker x2  
  74  5:58  Probe x2  
  76  6:10  Probe  
  77  6:15  Photon Cannon  
  77  6:16  Probe  
  78  6:22  Probe  
  78  6:23  Probe  
  80  6:28  Probe  
  80  6:30  Immortal (Chrono Boost)  
  85  6:34  Probe x2  
  85  6:35  Pylon  
  85  6:39  Stalker x4  
  95  6:40  Probe  
  96  6:47  Probe  
  96  6:48  Templar Archives  
  96  6:49  Probe  
  96  6:50  Photon Cannon  
  98  7:02  Probe  
  98  7:03  Probe  
  98  7:06  Assimilator  
  100  7:10  Assimilator  
  100  7:12  Protoss Ground Armor Level 2, Protoss Ground Weapons Level 2  
  100  7:13  Zealot x5  
  100  7:14  Pylon, Zealot  
  112  7:17  Pylon  
  112  7:20  Pylon  
  110  7:26  Probe  
  110  7:27  Probe  
  102  7:33  Stalker x5  
  102  7:35  Probe  
  111  7:39  Probe  
  111  7:42  Probe  
  117  7:44  Immortal (Chrono Boost)  
  117  7:51  Psionic Storm  
  118  7:56  Probe  
  118  7:57  High Templar x2  
  122  8:08  Nexus  
  122  8:11  Pylon  
  122  8:14  Pylon  
  122  8:16  Zealot x2, High Templar x2  
  122  8:17  Pylon  
  130  8:21  Immortal (Chrono Boost)  
  134  8:43  Stalker x4  
  144  8:56  Immortal (Chrono Boost)  
  144  8:58  Gateway x2  
  144  9:00  Gateway  
  144  9:07  Stalker x6  
  142  9:30  Immortal (Chrono Boost)  
  146  9:35  Stalker x6  
  156  9:48  Gateway  
  156  9:49  Gateway  
  156  9:51  Resonating Glaives, Stargate  
  156  9:55  Probe  
  157  10:00  Probe x2  
  157  10:01  Sentry  
  157  10:02  Zealot x5  
  157  10:05  Assimilator  
  171  10:08  Assimilator  
  171  10:09  Pylon  
  171  10:13  Pylon  
  171  10:15  Warp Prism (Chrono Boost)  
  171  10:19  High Templar  
  171  10:20  Zealot x2  
  178  10:38  Void Ray  
  178  10:40  Protoss Ground Weapons Level 3  
  180  10:47  Stalker  
  180  10:48  Stalker x2  
  184  10:51  Stalker x3, High Templar x2  
  184  10:52  Stalker  
  196  11:11  Probe  
  196  11:19  Pylon  
  196  11:21  Pylon  
  196  11:23  Pylon  
  196  11:24  Photon Cannon  
  196  11:26  Dark Shrine  
  196  11:28  Photon Cannon  
  196  11:36  Photon Cannon  
  196  11:48  Archon  
  196  11:51  Zealot x5  
  193  12:05  Protoss Shields Level 1  
  193  12:07  Probe  
  194  12:09  Stalker x2  
  194  12:10  Stalker  
  200  12:38  Stargate  
  200  12:39  Stargate  
  200  12:40  Nexus  
  200  12:41  Cybernetics Core, Protoss Air Weapons Level 1  
  200  12:42  Pylon  
  200  12:44  Pylon  
  200  12:45  Assimilator x2  
  200  12:57  Protoss Ground Armor Level 3  
  200  13:13  Gateway  
  200  13:15  Gateway  
  200  13:19  Gateway, Protoss Air Armor Level 1  
  200  13:21  Gateway  
  200  13:30  Fleet Beacon  
  192  14:12  High Templar  
  192  14:13  High Templar  
  192  14:17  Tempest x2  
  192  14:19  Graviton Catapult  
  184  14:42  High Templar x4  
  184  14:43  Zealot x3, High Templar  
  196  14:58  Tempest  
  171  15:43  Protoss Shields Level 2, Archon x2  
  171  15:47  Zealot x12  
  171  15:48  Tempest x3, Zealot  
  165  15:54  Zealot  
  165  15:55  Zealot  
  133  16:09  Zealot x7  
  133  16:10  Zealot x2  
  133  16:15  Zealot x5  
  127  16:22  Nexus  
  127  16:24  Assimilator  
  123  16:28  Zealot  
  123  16:31  Tempest, Zealot x9  
  131  16:33  Tempest x2  
  131  16:46  Pylon  
  131  16:54  High Templar x7  
  135  16:55  Sentry x2  
  135  16:56  Sentry  
  135  16:58  High Templar  
  135  16:59  High Templar x4  
  135  17:00  Archon x3  
  161  17:15  Tempest  
  165  17:23  Zealot x3  
  165  17:24  Probe  
  165  17:28  Oracle  
  175  17:30  Probe  
  170  17:46  Zealot x4  
  170  17:47  Zealot x2  
  139  17:56  Zealot x5  
  143  17:59  Archon x2  
  143  18:00  Archon  
  151  18:07  Protoss Air Weapons Level 2, Protoss Air Armor Level 2  
  141  18:14  High Templar  
  141  18:15  Zealot x5  
  127  18:58  Nexus, High Templar x3  
  127  18:59  Zealot x6  
  127  19:00  Pylon  
  145  19:08  Sentry, Zealot x2  
  114  19:37  Zealot x5  
  92  19:40  Zealot x5  
  92  19:43  High Templar  
  92  19:44  High Templar x2  
  98  19:46  High Templar  
  100  19:58  Zealot x4  
  108  20:11  Zealot x4  
  116  20:18  Zealot  
  116  20:24  Zealot x3  
  116  20:36  Tempest x2 (Chrono Boost)  
  116  20:40  Zealot x2  
  128  20:46  Tempest (Chrono Boost)  
  130  21:10  Nexus  
  128  21:16  Zealot x2  
  128  21:17  Zealot x4  
  124  21:26  Archon x2  
  124  21:30  Stalker x3  
  114  21:47  Assimilator  
  114  21:48  Assimilator  
  114  21:55  Observer  
  114  21:57  Zealot x5  
  125  22:02  Stalker x2, Assimilator  
  129  22:15  Stalker x2  
  126  22:30  Observer  
  127  22:40  Nexus  
  127  22:41  Assimilator  
  125  22:45  Assimilator  
Tags
 
Add a new tag
Caveats
  • Supply blocks, unpowered buildings, or Contaminate may cause inaccurate times.
  • Supply counts are checked every 10 seconds.